AoeStats
← Reis

Arena

505530043Analyzed
4v4 RM · 24d ago on Sep 9, 2026· 18m 18s· 8 players
Game mode
Random Map
Map size
Large (8 player)
Population
200
Speed
Normal
Resources
Standard
Victory
Conquest
Starting age
Dark Age
Ending age
Imperial Age
RankedLock teamsTeams togetherTeam positionsShared explorationLock speedFull tech treeHidden civsTurbo modeCheats
Victory
Defeat
🇹🇷 Celts · Türkiye
1490
+10
🇵🇹 Jurchens · Portugal
1420
+13
🇹🇷 Hindustanis · Türkiye
1416
+13
🇹🇷 Spanish · Türkiye
1415
+13
🇨🇭 Bulgarians · Switzerland
1453
-16
🇦🇷 Bengalis · Argentina
1366
-13
🇫🇷 Franks · France
1301
-10
🇲🇽 Bohemians · Mexico
1299
-10
dL
11:21 Feudal Age
12:30 Double-Bit Axe
12:27 Horse Collar
15:00 Castle Age
16:08 Bow Saw
klostrofobikköstebek
10:32 Feudal Age
14:35 Castle Age
12:20 Horse Collar
13:07 Double-Bit Axe
16:04 Heavy Plow
waLLefps.
11:42 Feudal Age
15:05 Castle Age
13:09 Double-Bit Axe
13:43 Horse Collar
15:09 Loom
16:55 Bow Saw
Tameryig1t
10:31 Feudal Age
15:31 Castle Age
14:15 Double-Bit Axe
14:12 Horse Collar
14:36 Loom
14:52 Stone Mining
15:42 Gold Mining
17:18 Bow Saw
18:10 Scale Mail Armor
.|.
10:55 Feudal Age
12:46 Loom
15:16 Castle Age
13:34 Horse Collar
14:25 Double-Bit Axe
16:13 Wheelbarrow
16:48 Bow Saw
17:18 Fervor
Reis
9:55 Feudal Age
14:52 Castle Age
13:37 Loom
差不多先生
10:32 Feudal Age
14:24 Castle Age
13:48 Double-Bit Axe
Reynald AoE
11:17 Feudal Age
15:47 Castle Age
14:19 Double-Bit Axe
14:34 Horse Collar
17:06 Bow Saw
16:57 Heavy Plow
Connection lost

Rejoining the realm…

Still unreachable

The connection could not be restored.

Session expired

The server has moved on; the page needs a fresh start.